 Dungeon Crawl Stone Soup version 0.29.1-1-gd02db6906a (webtiles) character file.

Game seed: 6855010573142322410

5 nshep25 the Sneak (level 1, -2/18 HPs)
             Began as a Human Delver on Sept 29, 2022.
             Slain by an adder (4 damage)
             ... on level 4 of the Dungeon.
             The game lasted 00:02:57 (306 turns).

nshep25 the Sneak (Human Delver)                     Turns: 306, Time: 00:02:58

Health: -2/18      AC:  3    Str: 12    XL:     1   Next: 88%
Magic:  1/1        EV: 12    Int: 18    God:
Gold:   38         SH:  0    Dex: 14    Spells: 0/0 levels left

rFire   x . .      SeeInvis .   h - +11 flail "Yrezeps" {flame, *Slow rF- rCorr Int+8}
rCold   . . .      Faith    .   (no shield)
rNeg    . . .      Spirit   .   b - +0 leather armour
rPois   .          Reflect  .   (no helmet)
rElec   .          Harm     .   (no cloak)
rCorr   +          Rampage  .   (no gloves)
Will    .....                   (no boots)
Stlth   ++........              (no amulet)
HPRegen 0.06/turn               (no ring)
MPRegen 0.07/turn               (no ring)

@: very slow
A: no striking features
a: no special abilities


You were on level 4 of the Dungeon.
You visited 1 branch of the dungeon, and saw 2 of its levels.

You collected 38 gold pieces.

Inventory:

Hand Weapons
 a - a +0 short sword
 h - the +11 flail "Yrezeps" (weapon) {flame, *Slow rF- rCorr Int+8}
   (You found it on level 5 of the Dungeon)

   It burns those it strikes, dealing additional fire damage.
   Int:       It affects your intelligence (+8).
   rF:        It makes you vulnerable to fire.
   rCorr:     It protects you from acid and corrosion.
   *Slow:     It may slow you when you take damage.
Missiles
 l - 4 atropa-tipped darts (quivered)
Armour
 b - a +0 leather armour (worn)
Wands
 g - a wand of digging (3)
 i - a wand of light (3)
Scrolls
 c - 2 scrolls of fog
 d - a scroll of magic mapping
 e - a scroll of fear
Potions
 f - a potion of haste
 j - 2 potions of curing {unknown}
 k - a potion of resistance {unknown}


   Skills:
 + Level 3.0 Fighting
 + Level 2.0 Short Blades
 + Level 2.0 Dodging
 + Level 5.3 Stealth


You couldn't memorise any spells.
You didn't know any spells.
Your spell library contained the following spells:

 Spells                   Type           Power      Damage    Failure   Level
 Freezing Cloud           Conj/Ice/Air   0%         6-21      100%        5
 Simulacrum               Ice/Necr       0%         N/A       100%        6
 Polar Vortex             Ice            0%         N/A       100%        9


Dungeon Overview and Level Annotations

Branches:
Dungeon (5/15)
 Temple: D:4-7

Altars:


Message History

There is a stone staircase leading up here.
You enter the shallow water.
Moving in this stuff is going to be slow.
You sock the rat! You burn the rat.
You kill the rat!
A rat comes into view.
The rat splashes around in the water.
The rat barely misses you.
Your unstable footing causes you to fumble your attack.
The rat closely misses you.
You sock the rat! You burn the rat.
You kill the rat!
A worm comes into view.
You see here a rat corpse.
An adder comes into view.
The adder hisses angrily.
The adder bites you but does no damage. The worm bites you.
Your unstable footing causes you to fumble your attack.
The adder barely misses you. The adder bites you.
You are poisoned.
The adder poisons you! The worm completely misses you.
Your unstable footing causes you to fumble your attack.
You hear the rusting of a drain.
You feel sick. The adder closely misses you.
A rat comes into view.
The adder barely misses you.
The worm splashes around in the water.
You hit the adder. You burn the adder.
The adder is severely wounded.
You feel sick. The adder barely misses you. The worm barely misses you.
The adder bites you.
* * * LOW HITPOINT WARNING * * *
Your unstable footing causes you to fumble your attack.
* * * LOW HITPOINT WARNING * * *
You feel sick.
An adder comes into view.
The adder bites you but does no damage.
Your unstable footing causes you to fumble your attack.
You feel sick.
You are no longer poisoned.
The adder bites you.
You die...

#.# #.####### ##...#
#.# #.######## ##.##
#.# #......... #.#
#.# ########## #.#
#.# ~# ##########.#
#.# ~# #..........#
#.# ##~# ############
#†# #~w# # #.# #@##~#
#.# # #~SrS# ######.#
#~#~#### .......#####
#~~†~~~#
###....<...########~#
#######..~~~~~~~~~#
#..~~#~#~####
##..~.~~~~~..#
##.....~....#


You could see a worm, 2 adders and a rat.

Vanquished Creatures
  An endoplasm (D:4)
  A hobgoblin (D:4)
  A quokka (D:4)
  2 rats (D:4)
5 creatures vanquished.

Notes
Turn   | Place    | Note
-------+----------+-------------------------------------------
     0 | D:5      | nshep25 the Human Delver began the quest for the Orb.
     0 | D:5      | Reached XP level 1. HP: 18/18 MP: 1/1
     3 | D:5      | Identified the +11 flail "Yrezeps" {flame, *Slow rF- rCorr
                  | Int+8}
     7 | D:5      | Noticed an orc priest
   249 | D:4      | Noticed an iguana
   306 | D:4      | Slain by an adder

Illustrated notes

Levels and vault maps discovered:
D:4:      layout_loops_ring, nzn_wu_jian_contemplation,
          lightli_sewer_entry_pipes
D:5:      layout_rooms, gammafunk_temple_overflow_statue

Action                   || total
-------------------------++-------
Melee: Flail             ||    12
Armor: Leather armour    ||     2
Dodge: Dodged            ||    10
